Map: Deathaura LE

Players

Rogue

  • Race: Zerg Zerg
  • Spawn Location: 11:00

Maru - Winner!

  • Race: Terran Terran
  • Spawn Location: 5:00

Event: IEM Katowice 2021

VOD

Have the link to the VOD?

Description

Time

  • Played on: Feb. 27, 2021, 10:03 a.m.
  • Length: 14:30

All games in this series

Show
View Real Time Build Order
Export as new Build Order

Rogue Zerg 

Build Orders: Hatch First, Lurkers 

Get SALT Encoding   

  12  0:00  Drone  
  13  0:12  Overlord  
  13  0:16  Drone  
  14  0:31  Drone x2  
  16  0:47  Hatchery  
  15  0:50  Drone  
  15  0:54  Drone  
  17  0:57  Drone  
  18  1:08  Extractor  
  17  1:12  Spawning Pool  
  17  1:15  Drone  
  17  1:18  Drone  
  18  1:27  Drone  
  19  1:39  Drone  
  20  1:49  Drone  
  21  1:59  Queen x2  
  21  2:00  Zergling x4  
  27  2:10  Overlord  
  27  2:11  Drone  
  28  2:19  Hatchery  
  28  2:22  Drone  
  28  2:28  Drone  
  29  2:32  Drone  
  29  2:34  Drone  
  31  2:37  Queen  
  31  2:42  Metabolic Boost  
  33  2:47  Overlord  
  33  2:50  Drone  
  34  2:55  Drone  
  34  2:56  Drone  
  36  3:08  Drone x5  
  41  3:13  Queen  
  41  3:16  Overlord  
  41  3:18  Drone  
  44  3:32  Queen  
  46  3:36  Drone x4  
  46  3:38  Queen  
  46  3:39  Drone  
  46  3:40  Drone  
  54  3:41  Overlord  
  54  3:46  Zergling x6  
  57  3:48  Zergling x2  
  57  3:54  Overlord  
  58  4:01  Drone x2  
  60  4:03  Drone x2  
  60  4:04  Queen  
  60  4:06  Evolution Chamber, Drone  
  64  4:10  Overlord  
  64  4:16  Drone x5  
  69  4:19  Queen  
  69  4:23  Overlord  
  71  4:26  Overlord  
  71  4:28  Zergling x2  
  72  4:37  Zergling x4, Zerg Ground Armor Level 1  
  72  4:38  Zergling x8  
  78  4:44  Drone  
  79  4:47  Extractor, Drone  
  79  4:48  Drone x4  
  79  4:50  Drone x2  
  79  4:51  Drone  
  86  4:53  Spore Crawler  
  86  4:58  Overlord  
  84  5:00  Lair  
  84  5:02  Zergling x4  
  84  5:05  Spore Crawler  
  84  5:06  Spore Crawler  
  84  5:11  Extractor  
  83  5:14  Zergling x2  
  83  5:15  Zergling x10  
  83  5:19  Extractor  
  88  5:22  Baneling Nest  
  88  5:27  Zergling x2, Spine Crawler  
  88  5:28  Zergling x10  
  91  5:37  Zergling x10  
  91  5:38  Queen x2  
  91  5:39  Overlord  
  100  5:49  Hatchery  
  100  5:52  Drone  
  100  5:53  Drone x4  
  100  5:56  Overlord  
  106  5:57  Evolution Chamber, Extractor  
  106  6:01  Overlord x2  
  104  6:08  Centrifical Hooks  
  104  6:10  Extractor  
  103  6:12  Drone  
  103  6:13  Drone x2  
  103  6:15  Hydralisk Den  
  103  6:17  Baneling x7  
  105  6:22  Drone  
  105  6:23  Drone x7  
  113  6:26  Drone  
  113  6:28  Overlord  
  113  6:32  Baneling x3  
  113  6:38  Hatchery  
  112  6:43  Zergling x12  
  118  6:51  Zerg Ground Armor Level 2  
  118  6:52  Zerg Melee Weapons Level 1  
  118  6:54  Drone  
  118  6:58  Zergling x12  
  118  7:00  Drone  
  126  7:07  Drone x3  
  126  7:08  Drone x2  
  111  7:11  Drone  
  103  7:17  Drone x2  
  106  7:22  Drone  
  106  7:23  Drone x5  
  101  7:31  Drone x2  
  101  7:32  Drone  
  101  7:42  Drone x2  
  103  7:45  Drone  
  103  7:49  Drone  
  103  7:50  Drone x2  
  107  7:58  Zergling x2  
  99  8:03  Zergling x18  
  97  8:08  Zergling x2  
  96  8:17  Zergling x8  
  100  8:23  Baneling x6  
  100  8:24  Drone, Baneling x2  
  101  8:29  Drone x2  
  101  8:31  Grooved Spines  
  101  8:33  Zergling x2, Drone  
  101  8:34  Overseer, Pneumatized Carapace  
  102  8:45  Hydralisk x2  
  102  8:46  Hydralisk x4  
  109  8:55  Hydralisk  
  109  8:57  Drone x6  
  109  8:58  Drone  
  118  9:04  Drone  
  118  9:05  Drone x4  
  118  9:08  Infestation Pit  
  118  9:09  Drone x2  
  123  9:11  Zergling x6  
  123  9:16  Zergling x2  
  122  9:18  Zergling x2  
  122  9:20  Zergling x2  
  123  9:26  Zergling x2, Drone x3  
  123  9:27  Zergling x2, Baneling  
  123  9:28  Baneling x6  
  123  9:30  Zerg Missile Weapons Level 1  
  128  9:32  Extractor  
  128  9:35  Zergling x2  
  128  9:40  Zergling x2  
  128  9:45  Hive  
  128  9:52  Overlord x2  
  128  9:53  Overlord x2  
  128  9:57  Lurker Den  
  128  9:59  Extractor  
  126  10:03  Drone x2  
  126  10:05  Overlord x2  
  126  10:06  Zerg Melee Weapons Level 2  
  128  10:10  Hatchery, Spore Crawler  
  126  10:15  Drone x5  
  126  10:16  Drone x3  
  126  10:20  Zergling x24  
  146  10:24  Zergling x2  
  146  10:27  Zergling x6  
  148  10:31  Zergling x2  
  144  10:37  Hydralisk x6  
  156  10:43  Hydralisk x3  
  162  10:50  Zergling x12  
  162  10:55  Overlord x2  
  167  10:57  Zergling x6  
  167  11:03  Zergling x6  
  169  11:05  Zergling x6  
  169  11:11  Hydralisk x3  
  150  11:20  Seismic Spines, Viper x2  
  150  11:21  Viper  
  150  11:25  Zergling x12  
  165  11:31  Lurker x4  
  169  11:37  Lurker  
  170  11:45  Hatchery  
  157  11:47  Overseer  
  157  11:50  Zerg Missile Weapons Level 2  
  157  11:58  Zergling x2, Nydus Network  
  157  11:59  Zergling x10  
  157  12:00  Drone x2  
  164  12:09  Hydralisk x4  
  164  12:14  Hydralisk x2  
  164  12:15  Zergling x2  
  164  12:17  Adaptive Talons  
  164  12:21  Zergling x18  
  166  12:34  Hydralisk  
  166  12:36  Zergling x2, Hatchery  
  143  12:38  Extractor  
  143  12:43  Lurker  
  143  12:44  Lurker x2  
  141  12:49  Zergling x16  
  143  12:54  Lurker x2  
  143  12:55  Zergling x8  
  143  12:57  Baneling  
  146  12:59  Zergling x2  
  146  13:01  Zergling x2  
  146  13:05  Lurker  
  140  13:12  Hydralisk  
  140  13:13  Hydralisk x2  
  146  13:20  Hydralisk x2  
  146  13:21  Zergling x8  
  146  13:22  Zergling x2  
  146  13:24  Drone x2  
  157  13:31  Lurker x2  
  155  13:35  Lurker  
  155  13:41  Zergling x16  
  153  13:43  Drone  
  153  13:46  Baneling x4  
  161  13:51  Drone x2  
  148  14:07  Lurker  
  148  14:08  Lurker x3  
  148  14:09  Zergling x2  
  146  14:10  Zergling x18  
Show
View Real Time Build Order
Export as new Build Order

Maru Terran - Winner!

Build Orders: Command Center First (CC) 

Get SALT Encoding   

  12  0:00  SCV  
  13  0:12  SCV  
  14  0:16  Supply Depot  
  14  0:24  SCV  
  15  0:38  SCV  
  16  0:50  SCV  
  17  0:59  Command Center  
  17  1:02  SCV  
  18  1:11  Barracks  
  18  1:15  SCV  
  19  1:21  Refinery  
  19  1:27  SCV  
  19  1:28  Refinery  
  20  1:39  SCV  
  21  1:42  Barracks  
  21  1:51  SCV  
  22  2:00  Barracks Reactor  
  22  2:03  Orbital Command  
  22  2:13  Orbital Command  
  22  2:30  SCV  
  22  2:35  Marine  
  22  2:36  Supply Depot, Marine, Barracks Tech Lab  
  25  2:40  SCV  
  25  2:42  SCV  
  27  2:47  Factory  
  27  2:52  SCV  
  27  2:54  SCV  
  27  2:56  Marine x2  
  31  2:58  Marine  
  31  3:02  Stimpack  
  31  3:05  SCV  
  33  3:06  SCV  
  34  3:14  Marine x2  
  34  3:16  Marine  
  34  3:17  SCV  
  34  3:19  SCV  
  39  3:20  Supply Depot  
  39  3:29  SCV  
  39  3:31  Marine  
  39  3:32  Marine  
  39  3:33  Starport  
  42  3:34  Marine  
  42  3:35  Factory Reactor  
  42  3:36  SCV  
  44  3:43  SCV, Supply Depot  
  45  3:48  SCV  
  45  3:49  Marine x2  
  45  3:52  Marine  
  49  3:56  SCV  
  49  4:00  SCV, Supply Depot  
  51  4:07  Marine x2  
  51  4:09  Supply Depot  
  53  4:10  Marine  
  53  4:11  SCV  
  53  4:13  SCV  
  60  4:17  Hellion x2  
  60  4:22  Medivac  
  60  4:24  SCV, Armory  
  62  4:26  Marine x2  
  62  4:27  Marine  
  70  4:38  Hellion x2  
  70  4:42  Command Center  
  70  4:45  Combat Shield  
  70  4:47  Supply Depot  
  70  4:48  SCV  
  71  4:53  Marine x3  
  71  4:58  Starport Reactor  
  74  5:05  SCV x2  
  76  5:09  Factory  
  76  5:12  Factory Tech Lab  
  76  5:13  Marine x3  
  79  5:17  SCV, Supply Depot, Refinery x2  
  80  5:22  SCV  
  81  5:30  SCV  
  81  5:31  Drilling Claws  
  81  5:32  Widow Mine  
  81  5:34  SCV  
  85  5:38  Medivac x2  
  85  5:40  Supply Depot  
  85  5:42  SCV  
  90  5:46  SCV  
  90  5:49  Marine x2, Engineering Bay  
  92  5:50  Marine, Engineering Bay  
  92  5:55  Widow Mine  
  92  5:56  Widow Mine  
  98  5:59  Widow Mine  
  98  6:03  Orbital Command  
  100  6:07  SCV x2  
  102  6:16  Widow Mine  
  102  6:17  Widow Mine  
  106  6:18  Supply Depot  
  106  6:20  Widow Mine  
  106  6:23  Terran Infantry Weapons Level 1  
  106  6:24  Terran Infantry Armor Level 1  
  108  6:29  Orbital Command  
  108  6:30  SCV x2  
  110  6:36  Medivac x2  
  114  6:40  Supply Depot  
  114  6:42  SCV  
  114  6:43  SCV  
  116  6:48  Widow Mine x3  
  122  6:55  SCV  
  122  6:56  Supply Depot  
  122  6:57  Supply Depot  
  122  6:58  Supply Depot  
  122  6:59  SCV  
  124  7:05  Marine x3  
  112  7:09  SCV  
  112  7:14  SCV  
  112  7:15  Widow Mine, Siege Tank  
  119  7:16  Widow Mine  
  119  7:22  SCV  
  120  7:23  Marine x2  
  120  7:24  Marauder  
  120  7:29  Barracks x2  
  118  7:31  Barracks  
  118  7:33  SCV  
  118  7:36  SCV x2  
  119  7:44  Marine  
  119  7:45  SCV, Marine, Marauder  
  119  7:48  SCV x2  
  124  7:57  SCV  
  118  8:00  SCV x2  
  101  8:09  SCV  
  101  8:12  SCV x2, Marine  
  107  8:13  Marauder  
  105  8:21  SCV  
  105  8:22  Barracks Reactor x3  
  105  8:24  SCV x2  
  105  8:25  Terran Infantry Armor Level 2, Terran Infantry Weapons Level 2  
  108  8:29  Medivac x2  
  108  8:33  SCV  
  113  8:36  SCV  
  113  8:37  SCV  
  113  8:38  Command Center  
  115  8:45  SCV, Marine  
  115  8:46  Marauder, Marine  
  116  8:48  SCV  
  116  8:49  SCV  
  122  8:55  Widow Mine, Siege Tank  
  122  8:56  Widow Mine  
  122  8:57  SCV, Refinery x2  
  122  8:59  Medivac x2  
  122  9:01  SCV x2, Supply Depot x2  
  130  9:06  Marine  
  130  9:07  Marauder, Marine x5  
  130  9:08  Marine x2  
  141  9:10  SCV  
  141  9:13  SCV x2  
  143  9:22  SCV  
  143  9:25  SCV x2  
  143  9:27  Barracks, Marine x3  
  143  9:28  Barracks, Marine x4  
  143  9:29  Marauder  
  143  9:30  Widow Mine, Barracks, Siege Tank  
  159  9:33  Supply Depot  
  159  9:34  SCV  
  159  9:37  SCV x2  
  154  9:46  SCV, Marine, Terran Vehicle Weapons Level 1  
  154  9:49  SCV  
  154  9:50  Marauder, Marine x5  
  154  9:51  Marine  
  165  9:59  Widow Mine x2  
  169  10:06  SCV  
  169  10:07  SCV  
  171  10:08  SCV  
  171  10:11  Marauder  
  171  10:12  Supply Depot, Siege Tank  
  171  10:13  Marine x3  
  180  10:15  Factory  
  180  10:18  Barracks Tech Lab  
  180  10:20  Barracks Tech Lab x2, Sensor Tower  
  180  10:21  Widow Mine x2  
  184  10:24  Missile Turret  
  184  10:32  Planetary Fortress  
  184  10:33  Marauder  
  184  10:34  Marine  
  184  10:41  Refinery  
  182  10:44  Marauder x3, Concussive Shells  
  182  10:45  Marine  
  182  10:49  Refinery  
  189  10:52  Command Center  
  189  10:54  Marauder  
  189  10:58  Marine x2  
  189  11:00  Factory Tech Lab  
  191  11:06  Marauder x3  
  191  11:10  Terran Infantry Weapons Level 3, Terran Infantry Armor Level 3  
  195  11:12  Marine  
  195  11:16  Marauder  
  195  11:18  Marine x5  
  187  11:24  Medivac x2  
  189  11:27  Marauder x3  
  189  11:28  Command Center  
  195  11:37  Marauder  
  197  11:41  Ghost Academy  
  197  11:44  Marine  
  197  11:48  Marauder  
  197  11:49  Marauder  
  197  11:54  Siege Tank  
  197  11:56  Command Center  
  197  12:00  Factory  
  199  12:21  Command Center  
  199  12:22  Marauder x2  
  186  12:29  Marauder  
  188  12:30  Marauder, Marine  
  188  12:32  Marine  
  180  12:39  Widow Mine, Siege Tank x2  
  180  12:43  Marauder x2  
  180  12:44  Factory Tech Lab, Personal Cloaking  
  185  12:47  Planetary Fortress  
  184  12:52  Ghost x2  
  184  12:53  Marine  
  184  12:54  Marine x5  
  194  12:58  Command Center  
  194  13:01  Command Center  
  194  13:03  Ghost  
  192  13:09  Medivac  
  192  13:10  Medivac, Orbital Command  
  196  13:12  Siege Tank  
  196  13:16  Refinery x2  
  196  13:28  Ghost x2, Sensor Tower  
  200  13:36  Command Center  
  200  13:38  Orbital Command x2  
  177  14:08  Widow Mine  

Tags
 
Add a new tag
Caveats
  • Supply blocks, unpowered buildings, or Contaminate may cause inaccurate times.
  • Supply counts are checked every 10 seconds.